 Dungeon Crawl Stone Soup version 0.20.1-1-g8b1a95d (webtiles) character file.

92 Folque the Magician (level 4, -5/29 HPs)
             Began as an Octopode Wizard on Dec 6, 2017.
             Killed by divine providence
             ... invoked by an orc priest
              (10 damage)
             ... on level 4 of the Dungeon.
             The game lasted 00:07:57 (2533 turns).

Folque the Magician (Octopode Wizard)               Turns: 2533, Time: 00:07:58

Health: -5/29      AC:  1    Str:  6    XL:     4   Next: 60%
Magic:  3/9        EV: 13    Int: 21    God:
Gold:   109        SH:  0    Dex: 10    Spells: 2/10 levels left

rFire    . . .     SeeInvis .   t - +0 war axe
rCold    . . .     Gourm    .   (no shield)
rNeg     . . .     Faith    .   a - +0 hat
rPois    .         Spirit   .   (no amulet)
rElec    .         Reflect  .   (no ring)
rCorr    .         Harm     .   (no ring)
MR       .....                  (no ring)
Stlth    +++.......             (no ring)
Regen    0.1/turn               (no ring)
MPRegen  0.2/turn               (no ring)
                                (no ring)
                                (no ring)

@: very slightly contaminated
A: almost no armour, stealthy swim, amphibious, 8 rings, constrict 8, camouflage
1, gelatinous body 1
a: no special abilities


You were on level 4 of the Dungeon.
You were hungry.

You visited 1 branch of the dungeon, and saw 4 of its levels.

You collected 109 gold pieces.

Inventory:

Hand Weapons
 e - a +0 dagger
 h - a +0 hand axe
 o - a +0 blowgun
 t - a +0 war axe (weapon)
Missiles
 q - 4 javelins (quivered)
 u - 5 poisoned needles
Armour
 a - a +0 hat (worn)
Scrolls
 i - 2 scrolls of identify
 l - 2 scrolls of remove curse
 m - a scroll of teleportation {unknown}
 n - a scroll of magic mapping {unknown}
 s - a scroll of immolation {unknown}
Books
 b - a book of Minor Magic

   Spells                             Type                      Level
   a - Magic Dart                     Conjuration                  1
   b - Blink                          Translocation                2
   c - Call Imp                       Summoning                    2
   d - Slow                           Hexes                        2
   e - Conjure Flame                  Conjuration/Fire             3
   f - Mephitic Cloud                 Conjuration/Poison/Air       3
Comestibles
 c - 2 bread rations
 g - 4 royal jellies
 j - a fruit
 r - a meat ration


   Skills:
 - Level 2.0 Fighting
 * Level 0.0 Throwing
 - Level 2.0 Dodging
 - Level 2.6 Stealth
 + Level 3.7 Spellcasting
 + Level 1.6 Conjurations
 - Level 1.0 Summonings
 - Level 1.0 Translocations
 * Level 2.3 Poison Magic


You had 2 spell levels left.
You knew the following spells:

 Your Spells              Type           Power        Failure   Level  Hunger
a - Magic Dart            Conj           ##..         6%          1    None
b - Call Imp              Summ           #.......     12%         2    ##.....
c - Blink                 Tloc           N/A          12%         2    ##.....
d - Mephitic Cloud        Conj/Pois/Air  #.......     22%         3    ###....


Dungeon Overview and Level Annotations

Branches:
Dungeon (4/15)
 Temple: D:4-7

Altars:
Ashenzari

Annotations:
D:3 Ijyb


Innate Abilities, Weirdness & Mutations

You cannot wear most types of armour.
You are very stealthy in the water. (Stealth+)
You are amphibious.
You can wear up to eight rings at the same time.
You can use your tentacles to constrict eight enemies at once.
Your skin changes colour to match your surroundings (Stealth+).
Your rubbery body absorbs attacks. (AC +1, EV +1)


Message History

Confirm with . or Enter, or press ? or * to list all spells.
You don't have enough magic to cast that spell.
The orc priest miscasts a cantrip.
The orc priest calls upon Beogh to heal the orc wizard.
The orc wizard is healed somewhat.
The orc priest mumbles some strange prayers to Beogh against you.
Beogh smites you!
* * * LOW HITPOINT WARNING * * *
The orc priest looks encouraged for a moment.
As you read the scroll labeled OTY VEFIAKLEI, it crumbles to dust.
The scroll dissolves into smoke.
It was a scroll of fog.
The orc completely misses you.
Blink to where?
Press: ? - help, Dir - move target cursor, p - orc wizard You are very lightly contaminated with residual magic.
As you read the scroll labeled VIDDOI PEXI, it crumbles to dust.
It was a scroll of blinking.
The orc priest calls down the wrath of Beogh upon you.
Beogh smites you!
You die...

##### .........#
#...#
...%.....#####...#
............##§.@#
..........#.##§§§#
..........#.#.o§§#
..........#....§o#
.........##.o##.##
#..##..o..#..#
##.<##.###...##
#...o..##..###
#.....#####...


You could see 2 orc priests and an orc wizard (confused).

Vanquished Creatures
  4 adders
  2 dart slugs
  2 leopard geckos (D:2)
  2 orcs
  6 bats
  3 giant cockroaches
  4 goblins
  5 hobgoblins
  2 jackals (D:1)
  2 frilled lizards
  7 kobolds
  8 rats
47 creatures vanquished.

Vanquished Creatures (collateral kills)
  2 goblins
2 creatures vanquished.

Grand Total: 49 creatures vanquished

Notes
Turn   | Place    | Note
-------+----------+-------------------------------------------
     0 | D:1      | Folque the Octopode Wizard began the quest for the Orb.
     0 | D:1      | Reached XP level 1. HP: 11/11 MP: 4/4
   126 | D:1      | Reached skill level 1 in Fighting
   327 | D:1      | Reached XP level 2. HP: 13/18 MP: 6/6
   392 | D:1      | Learned a level 2 spell: Call Imp
   395 | D:1      | Learned a level 2 spell: Blink
   979 | D:2      | Reached XP level 3. HP: 11/24 MP: 0/7
   984 | D:2      | Learned a level 3 spell: Mephitic Cloud
  1425 | D:2      | Reached skill level 1 in Poison Magic
  1427 | D:2      | Found a faded altar of an unknown god.
  1814 | D:2      | Reached XP level 4. HP: 28/29 MP: 6/9
  2158 | D:3      | Found a shattered altar of Ashenzari.
  2296 | D:3      | Noticed Ijyb
  2533 | D:4      | Killed from afar by an orc priest

Skill      XL: |  1  2  3  4 |
---------------+-------------+-----
Fighting       | 1 2 |  2.0
Poison Magic   | 1 2 |  2.3
Dodging        | |  2.0
Stealth        | |  2.6
Spellcasting   | |  3.7
Conjurations   | |  1.6
Summonings     | |  1.0
Translocations | |  1.0

Action                   |  1- 3 |  4- 6 || total
-------------------------+-------+-------++-------
Melee: Unarmed           |    31 |       ||    31
       Constrict         |    22 |    12 ||    34
       Tentacles         |    11 |     5 ||    16
       Hand axe          |    50 |    31 ||    81
       Dagger            |     9 |       ||     9
       War axe           |       |    12 ||    12
 Cast: Magic Dart        |    18 |     5 ||    23
       Call Imp          |     1 |     6 ||     7
       Mephitic Cloud    |       |     2 ||     2
  Use: Scroll            |     2 |     2 ||     4
       Potion            |       |     2 ||     2
 Stab: Sleeping          |     6 |     2 ||     8
  Eat: Chunk             |     3 |     2 ||     5
Armor: Skin              |     6 |     4 ||    10
Dodge: Dodged            |    53 |    33 ||    86
